 Dungeon Crawl Stone Soup version 0.27-a0-1319-geec4fb4e21 (webtiles) character file.

Game seed: 1195187424879638579

78 basicallysejuani the Slasher (level 4, -5/44 HPs)
             Began as a Troll Berserker on June 21, 2021.
             Was a Believer of Trog.
             Slain by an orc priest (6 damage)
             ... on level 3 of the Dungeon.
             The game lasted 00:16:04 (1000 turns).

basicallysejuani the Slasher (Troll Berserker)      Turns: 1000, Time: 00:16:07

Health: -5/44      AC:  4    Str: 26    XL:     4   Next: 15%
Magic:  3/3        EV: 10    Int:  3    God:    Trog [**....]
Gold:   47         SH:  0    Dex:  9    Spells: 3/3 levels left

rFire    . . .     SeeInvis +   a - +0 falchion
rCold    . . .     Faith    .   (no shield)
rNeg     + . .     Spirit   .   b - +0 animal skin
rPois    .         Reflect  .   (helmet restricted)
rElec    .         Harm     .   (no cloak)
rCorr    .         Rampage  .   (gloves unavailable)
Will     .....                  (boots unavailable)
Stlth    +.........             (no amulet)
HPRegen  1.14/turn              h - ring of positive energy
MPRegen  0.08/turn              o - ring of see invisible

@: on berserk cooldown, slowed, very slow
A: large, unfitting armour, claws 3, regeneration 1, shaggy fur 1, tough skin 1
a: Renounce Religion, Berserk, Trog's Hand


You were on level 3 of the Dungeon.
You worshipped Trog.
Trog was pleased with you.
You visited 1 branch of the dungeon, and saw 3 of its levels.

You collected 47 gold pieces.

Inventory:

Hand Weapons
 a - a +0 falchion (weapon)
 c - a +0 club
 n - a +0 club
 p - a +0 short sword
 t - a +0 dagger
 v - a +0 scythe
Missiles
 i - 88 stones
 l - 30 sling bullets
 m - 18 bolts
 q - 15 poisoned darts
 r - 22 arrows
Armour
 b - a +0 animal skin (worn)
 f - a +0 robe
 g - a +0 leather armour
 j - a +0 pair of boots
 w - a +0 robe
Jewellery
 h - a ring of positive energy (left claw)
 o - a ring of see invisible (right claw)
Scrolls
 k - 2 scrolls of summoning {unknown}
 s - a scroll of identify {unknown}
Potions
 e - a potion of flight {unknown}
 u - a potion of might {unknown}


   Skills:
 + Level 2.9 Fighting
 + Level 3.3 Long Blades
 + Level 3.1 Dodging


You had 3 spell levels left.
You didn't know any spells.
Your spell library was empty.

Dungeon Overview and Level Annotations

Branches:
Dungeon (3/15)

Altars:


Innate Abilities, Weirdness & Mutations

You are too large for most types of armour.
You have claws for hands.
Your natural rate of healing is unusually fast.
You are covered in fur. (AC +1)
You have tough skin. (AC +1)


Message History

The orc priest is moderately wounded.
The orc priest hits you but does no damage. x2
You hit the orc priest but do no damage.
The orc priest is moderately wounded.
The orc priest hits you with a +0 morningstar!
The orc priest hits you with a +0 morningstar.
You closely miss the orc priest.
The orc priest is moderately wounded.
The orc priest hits you with a +0 morningstar.
You slash the orc priest!
The orc priest is severely wounded.
The orc priest hits you with a +0 morningstar.
The orc priest misses you.
You hit the orc priest but do no damage.
The orc priest is severely wounded.
The orc priest barely misses you. The orc priest closely misses you.
You riposte.
You barely miss the orc priest.
The orc priest is severely wounded.
You hit the orc priest but do no damage.
The orc priest is severely wounded.
The orc priest calls down the wrath of Beogh upon you.
You barely resist. You barely miss the orc priest.
The orc priest is severely wounded.
The orc priest hits you with a +0 morningstar. x2
You hit the orc priest.
The orc priest is almost dead.
The orc priest hits you with a +0 morningstar.
* * * LOW HITPOINT WARNING * * *
It was a potion of heal wounds.
You feel much better.
The orc priest hits you with a +0 morningstar!
The orc priest hits you with a +0 morningstar.
* * * LOW HITPOINT WARNING * * *
You barely miss the orc priest.
The orc priest is almost dead.
The orc priest mumbles some strange prayers to Beogh against you.
Beogh smites you!
* * * LOW HITPOINT WARNING * * *
The orc priest hits you with a +0 morningstar.
You die...

#... #.. #.. #..
#o# #o# #o# #@# #.#
#.#
###.#############
##...............#
##....###########.#
###.#.#.##
#........#
#.#.#^#.##


You could see an orc priest, an orc wizard and an orc.

Vanquished Creatures
  An orc priest (D:3)
  A worm (D:3)
  A dart slug (D:1)
  2 orcs (D:3)
  2 endoplasms
  2 giant cockroaches
  2 goblins
  5 hobgoblins
  7 jackals (D:2)
  2 kobolds
  A quokka (D:2)
  3 ball pythons
  4 bats (D:1)
  2 frilled lizards
  A rat (D:1)
36 creatures vanquished.

Notes
Turn   | Place    | Note
-------+----------+-------------------------------------------
     0 | D:1      | basicallysejuani the Troll Berserker began the quest for
                  | the Orb.
     0 | D:1      | Reached XP level 1. HP: 22/22 MP: 0/0
    46 | D:1      | Reached XP level 2. HP: 29/29 MP: 1/1
   595 | D:2      | Reached XP level 3. HP: 36/36 MP: 2/2
   677 | D:2      | Reached ** piety under Trog
   970 | D:3      | Reached XP level 4. HP: 44/44 MP: 3/3
  1000 | D:3      | HP: 1/44 [orc priest/divine providence (14)]
  1000 | D:3      | Slain by an orc priest

Illustrated notes

Levels and vault maps discovered:
D:1:      lightli_arrival_maybe_door_vault, layout_basic,
          hellmonk_ecumenical_altar_leap_of_faith, st_stairs_6,
          minmay_close_crescents
D:2:      layout_basic, lightli_corner_chamber
D:3:      layout_loops_ring, uniq_ijyb, uniq_sigmund, uniq_natasha,
          uniq_crazy_yiuf_cottage

Skill      XL: |  1  2  3 |
---------------+----------+-----
Long Blades    | 3 |  3.3
Dodging        | 3 |  3.1
Fighting       | |  2.9

Action                   |  1- 3 |  4- 6 || total
-------------------------+-------+-------++-------
Melee: Falchion          |    74 |    27 ||   101
Invok: Berserk           |     5 |       ||     5
       Trog's Hand       |       |     1 ||     1
  Use: Potion            |       |     1 ||     1
Armor: Animal skin       |    31 |     4 ||    35
Dodge: Dodged            |    46 |    14 ||    60
       Rpst.: Falchion   |    17 |     5 ||    22

Table legend: (Time is in decaauts)
 A = Elapsed time spent in this place.
 B = Non-inter-level travel time spent in this place.
 C = Inter-level travel time spent in this place.
 D = Time resting spent in this place.
 E = Time spent auto-exploring this place.
 F = Levels seen in this place.
 G = Mean time per level.
                   A        B        C        D        E       F      G
               +--------+--------+--------+--------+--------+-----+--------+
         Total |   1056 |    314 |    742 |      0 |      0 |   3 |  352.0 |
       Dungeon |   1056 |    314 |    742 |      0 |      0 |   3 |  352.0 |
               +--------+--------+--------+--------+--------+-----+--------+

Top non-repeatable levels by time:
     D:2: 586 daAuts
     D:1: 390 daAuts
     D:3: 79 daAuts
